 Dungeon Crawl Stone Soup version 0.20.0-7-g3b7b877 (webtiles) character file.

236 Jerry the Chopper (level 6, 0/53 HPs)
             Began as a Hill Orc Fighter on May 29, 2017.
             Slain by a worker ant (3 damage)
             ... on level 4 of the Dungeon.
             The game lasted 00:03:33 (2383 turns).

Jerry the Chopper (Hill Orc Fighter)                Turns: 2383, Time: 00:03:34

Health: 0/53       AC:  4    Str: 21    XL:     6   Next: 6%
Magic:  6/6        EV:  9    Int:  8    God:
Gold:   126        SH:  9    Dex: 10    Spells: 5/5 levels left

rFire    . . .     SeeInvis .   a - +0 war axe
rCold    . . .     Gourm    .   c - +0 shield
rNeg     . . .     Faith    .   q - +0 troll leather armour {Purgy}
rPois    .         Spirit   .   (no helmet)
rElec    .         Reflect  .   (no cloak)
rCorr    .         Harm     .   (no gloves)
MR       .....                  (no boots)
Stlth    +.........             (no amulet)
Regen    0.6/turn               (no ring)
MPRegen  0.1/turn               (no ring)

@: lethally poisoned (0 -> -1)
A: no striking features
a: no special abilities


You were on level 4 of the Dungeon.
You were hungry.

You visited 1 branch of the dungeon, and saw 4 of its levels.

You collected 126 gold pieces.

Inventory:

Hand Weapons
 a - a +0 war axe (weapon)
Armour
 b - a +0 scale mail
 c - a +0 shield (worn)
 q - a +0 troll leather armour (worn) {Purgy}
Scrolls
 e - 3 scrolls of teleportation {unknown}
 g - a scroll of random uselessness {unknown}
 h - 3 scrolls of identify {unknown}
 j - a scroll of remove curse {unknown}
 l - a scroll of amnesia {unknown}
 n - a scroll of magic mapping {unknown}
 s - a scroll of enchant armour {unknown}
Potions
 d - 2 potions of might
 i - a potion of brilliance {unknown}
 m - a potion of curing {unknown}
 o - a potion of degeneration {unknown}
 p - a potion of cancellation {unknown}
 r - a potion of flight {unknown}
Comestibles
 f - 3 bread rations
 k - 2 meat rations


   Skills:
 + Level 4.7 Fighting
 * Level 5.3 Axes
 + Level 4.3 Armour
 + Level 4.5 Shields


You had 5 spell levels left.
You didn't know any spells.

Dungeon Overview and Level Annotations

Branches:
Dungeon (4/15)
 Temple: D:4-7

Altars:
Sif Muna
Yredelemnul

Annotations:
D:4 Duvessa, Robin


Message History

The goblin hits you but does no damage. The worker ant bites you.
* * * LOW HITPOINT WARNING * * *
You are poisoned.
The worker ant poisons you!
You feel sick.
You feel sick.
You feel sick. The worker ant bites you.
* * * LOW HITPOINT WARNING * * *
You are more poisoned.
The worker ant poisons you!
You feel sick.
You feel sick.
You feel sick.
You feel sick.
The goblin no longer looks unusually strong.
There is a stone staircase leading up here.
You feel sick. The worker ant bites you.
You die...

####))....g..#.##### ####
........g..g........ ......
####.....###.#.#### .....#
####.....###g#.# ### .....#
...........#g#g###<# .....#
...........#.....#'###.....#
...........##..............##
....(......++.ea.............
####.......##...@............
#.......##....###########+
#.......##....#
#######.......# #[####### #.#
#.# #.# #.#


You could see Duvessa, a worker ant, Robin and 2 goblins.

Vanquished Creatures
  Purgy (D:3)
  2 hounds
  An adder (D:3)
  An ooze (D:2)
  2 worms (D:2)
  2 dart slugs (D:2)
  3 leopard geckos
  7 hobgoblins
  8 bats
  5 frilled lizards
  2 gnoll zombies (D:3)
  14 goblins
  6 kobolds
  4 rats
58 creatures vanquished.

Notes
Turn   | Place    | Note
-------+----------+-------------------------------------------
     0 | D:1      | Jerry the Hill Orc Fighter began the quest for the Orb.
     0 | D:1      | Reached XP level 1. HP: 19/19 MP: 1/1
    51 | D:1      | Reached skill level 3 in Axes
    51 | D:1      | Reached XP level 2. HP: 13/27 MP: 2/2
   898 | D:2      | Reached XP level 3. HP: 32/33 MP: 3/3
  1542 | D:3      | Reached XP level 4. HP: 38/40 MP: 4/4
  1633 | D:3      | Found a deep blue altar of Sif Muna.
  1705 | D:3      | Noticed Purgy
  1720 | D:3      | Killed Purgy
  1720 | D:3      | Reached skill level 4 in Axes
  1720 | D:3      | Reached XP level 5. HP: 27/47 MP: 5/5
  2218 | D:3      | Found a basalt altar of Yredelemnul.
  2325 | D:4      | Reached skill level 5 in Axes
  2358 | D:4      | Noticed Robin
  2360 | D:4      | Reached XP level 6. HP: 52/53 MP: 6/6
  2369 | D:4      | Noticed Duvessa
  2383 | D:4      | Slain by a worker ant

Skill      XL: |  1  2  3  4  5 |
---------------+----------------+-----
Axes           | 3 4 5 |  5.3
Shields        | 4 |  4.5
Fighting       | 4 |  4.7
Armour         | 4 |  4.3

Action                   |  1- 3 |  4- 6 || total
-------------------------+-------+-------++-------
Melee: War axe           |   124 |    55 ||   179
  Use: Potion            |       |     1 ||     1
  Eat: Chunk             |     2 |     2 ||     4
Armor: Scale mail        |    65 |    34 ||    99
       Troll leather arm |       |    15 ||    15
Dodge: Dodged            |    38 |    34 ||    72
Block: Shield            |    64 |    52 ||   116
